 Dungeon Crawl Stone Soup version 0.19.1 (webtiles) character file.

41 ImaNewbie the Cudgeler (level 3, 0/39 HPs)
             Began as an Ogre Fighter on Dec 27, 2016.
             Slain by a worm (8 damage)
             ... on level 2 of the Dungeon.
             The game lasted 00:01:05 (944 turns).

ImaNewbie the Cudgeler (Ogre Fighter)                Turns: 944, Time: 00:01:06

Health: 0/39       AC:  3    Str: 22    XL:     3   Next: 52%
Magic:  3/3        EV:  8    Int:  7    God:
Gold:   68         SH:  8    Dex:  9    Spells: 0 memorised, 2 levels left

rFire  . . .     SeeInvis .     a - +0 flail
rCold  . . .     Gourm    .     b - +0 robe
rNeg   . . .     Faith    .     c - +0 shield
rPois  .         Spirit   .     (helmet restricted)
rElec  .         Reflect  .     (no cloak)
rCorr  .         Harm     .     (gloves unavailable)
MR     .....                    (boots unavailable)
Stlth  +.........               (no amulet)
                                (no ring)
                                (no ring)

@: no status effects
A: unfitting armour, tough skin 1
a: no special abilities


You were on level 2 of the Dungeon.
You were not hungry.

You visited 1 branch of the dungeon, and saw 2 of its levels.

You collected 68 gold pieces.

Inventory:

Hand Weapons
 a - a +0 flail (weapon)
Missiles
 p - 18 poisoned needles
Armour
 b - a +0 robe (worn)
 c - a +0 shield (worn)
Jewellery
 j - a +3 ring of evasion {unknown}
Scrolls
 n - 2 scrolls of identify {unknown}
 o - a scroll of amnesia {unknown}
 q - a scroll of recharging {unknown}
Potions
 d - a potion of might
 e - a potion of beneficial mutation {unknown}
 g - a potion of haste {unknown}
 h - a potion of magic {unknown}
 i - a potion of heal wounds {unknown}
 k - a potion of curing {unknown}
 m - a potion of lignification {unknown}
Comestibles
 f - 2 bread rations
 l - 13 chunks of flesh
 r - a beef jerky
 s - a meat ration


   Skills:
 - Level 4.0 Fighting
 + Level 5.0 Maces & Flails
 - Level 2.6 Dodging
 - Level 2.6 Shields


You had 2 spell levels left.
You didn't know any spells.

Dungeon Overview and Level Annotations

Branches:
Dungeon (2/15)

Altars:


Innate Abilities, Weirdness & Mutations

You are too large for most types of armour.
You have tough skin. (AC +1)


Message History

You are too injured to fight recklessly!
You are too injured to fight recklessly!
You are too injured to fight recklessly!
You are too injured to fight recklessly!
You are too injured to fight recklessly!
You are too injured to fight recklessly!
You are too injured to fight recklessly!
You are too injured to fight recklessly!
You are too injured to fight recklessly!
You are too injured to fight recklessly!
You are too injured to fight recklessly!
You are too injured to fight recklessly!
You are too injured to fight recklessly!
You are too injured to fight recklessly!
You are too injured to fight recklessly!
You sock the goblin!
You kill the goblin!
The bat closely misses you. The bat hits you but does no damage.
The worm bites you!
You die...

##.....b...#.### ###.♣
>.....w@........ ...♣
.#...###)....## ...♣
.............# ##..#
..g..###.....####..##♣♣.
........................
..#...##....###..#####♣♣
......#...........#
##............#.#.#
.....###..........#####
#..............).÷.....
........♣.♣...........
......#.#.#.....<..###
..#.#.♣.♣.♣....#.#.# .
###...........<#.# .
♣.♣.♣....#.#.. .
.[.........# .#


You could see a worm and 2 bats.

Vanquished Creatures
  An ooze (D:1)
  A worm (D:2)
  2 leopard geckos (D:1)
  2 ball pythons (D:1)
  2 bats (D:1)
  A giant cockroach (D:1)
  7 goblins
  5 hobgoblins (D:1)
  A quokka (D:2)
  A frilled lizard (D:1)
  2 kobolds
  2 rats
27 creatures vanquished.

Notes
Turn   | Place    | Note
-------+----------+-------------------------------------------
     0 | D:1      | ImaNewbie the Ogre Fighter began the quest for the Orb.
     0 | D:1      | Reached XP level 1. HP: 24/24 MP: 1/1
    73 | D:1      | Reached skill level 3 in Maces & Flails
   121 | D:1      | Reached XP level 2. HP: 11/32 MP: 2/2
   426 | D:1      | Reached skill level 4 in Maces & Flails
   675 | D:1      | Reached XP level 3. HP: 39/39 MP: 3/3
   903 | D:2      | Reached skill level 5 in Maces & Flails
   944 | D:2      | Slain by a worm

Skill      XL: |  1  2  3 |
---------------+----------+-----
Maces & Flails | 3 4 5 |  5.0
Fighting       | |  4.0
Dodging        | |  2.6
Shields        | |  2.6

Action                   || total
-------------------------++-------
Melee: Flail             ||   107
Armor: Robe              ||    35
Dodge: Dodged            ||    62
Block: Shield            ||    77
